 Dungeon Crawl Stone Soup version 0.28-a0-957-g42eb19b844 (webtiles) character file.

Game seed: 4458561107149253278

2985 Redcow54321 the Grappler (level 9, -4/80 HPs)
             Began as a Troll Fighter on Dec 1, 2021.
             Slain by a wraith (6 damage)
             ... while petrified by a basilisk
             ... on level 8 of the Dungeon.
             The game lasted 00:13:01 (5442 turns).

Redcow54321 the Grappler (Troll Fighter)            Turns: 5442, Time: 00:13:01

Health: -4/80      AC:  4    Str: 30    XL:     9   Next: 53%
Magic:  8/8        EV:  1    Int:  4    God:
Gold:   222        SH:  0    Dex:  9    Spells: 8/8 levels left

rFire   . . .      SeeInvis +     - Unarmed
rCold   . . .      Faith    .   (no shield)
rNeg    + + +      Spirit   .   a - +0 robe
rPois   ∞          Reflect  .   (helmet restricted)
rElec   .          Harm     .   (no cloak)
rCorr   .          Rampage  .   (gloves unavailable)
Will    .....                   (boots unavailable)
Stlth   +.........              p - amulet of the acrobat
HPRegen 1.03/turn               v - ring of see invisible
MPRegen 0.11/turn               x - +4 ring of evasion

@: petrified, slowed
A: large, unfitting armour, claws 3, regeneration 1, shaggy fur 1, tough skin 1
a: no special abilities


You were on level 8 of the Dungeon.
You visited 1 branch of the dungeon, and saw 8 of its levels.

You collected 222 gold pieces.

Inventory:

Armour
 a - a +0 robe (worn)
 b - a +0 kite shield
Jewellery
 p - an amulet of the acrobat (around neck)
 v - a ring of see invisible (left claw)
 x - a +4 ring of evasion (right claw)
Wands
 m - a wand of paralysis (8)
 t - a wand of digging (5)
 u - a wand of iceblast (9)
 y - a wand of flame (22) (quivered)
Scrolls
 c - 2 scrolls of teleportation
 e - a scroll of fog {unknown}
 f - a scroll of vulnerability {unknown}
 h - 2 scrolls of enchant weapon {unknown}
 i - 4 scrolls of blinking
 j - 3 scrolls of magic mapping {unknown}
 k - a scroll of torment {unknown}
 o - 2 scrolls of noise {unknown}
 r - a scroll of holy word {unknown}
 w - a scroll of summoning {unknown}
Potions
 d - a potion of berserk rage {unknown}
 g - 3 potions of degeneration
 l - 3 potions of haste
 n - a potion of magic {unknown}
 q - a potion of flight {unknown}
 s - 5 potions of attraction


   Skills:
 - Level 2.4 Fighting
 - Level 2.4 Dodging
 - Level 2.4 Shields
 * Level 13.3 Unarmed Combat
 + Level 0.2 Evocations


You had 8 spell levels left.
You didn't know any spells.
Your spell library contained the following spells:

 Spells                   Type           Power      Damage    Failure   Level
 Sandblast                Erth           0%         2d4       50%         1
 Summon Small Mammal      Summ           0%         N/A       50%         1
 Ensorcelled Hibernation  Hex/Ice        0%         N/A       65%         2
 Passwall                 Tmut/Erth      0%         N/A       65%         2
 Call Canine Familiar     Summ           0%         N/A       86%         3
 Gell's Gravitas          Tloc           0%         N/A       86%         3
 Spider Form              Tmut/Pois      0%         N/A       86%         3
 Stone Arrow              Conj/Erth      0%         3d7       86%         3
 Summon Guardian Golem    Hex/Summ       0%         N/A       86%         3
 Swiftness                Air            0%         N/A       86%         3
 Teleport Other           Tloc           0%         N/A       86%         3
 Dispersal                Tloc           0%         N/A       100%        6


Dungeon Overview and Level Annotations

Branches:
Dungeon (8/15)             Temple (0/1) D:4
   Lair: D:8-11

Altars:
Hepliaklqana
Kikubaaqudgha
Nemelex Xobeh
Sif Muna
Wu Jian
Zin
The Shining One

Shops:
D:1 (   D:3 =   D:4 [   D:6 ?*


Innate Abilities, Weirdness & Mutations

You are too large for most types of armour.
You have claws for hands.
Your natural rate of healing is unusually fast.
You are covered in fur. (AC +1)
You have tough skin. (AC +1)


Message History

The basilisk gazes at you.
You are engulfed in a cloud of scalding steam.
The steam dragon bites you but does no damage.
The steam dragon claws you. The basilisk bites you!
You are engulfed in a cloud of scalding steam.
The steam dragon breathes steam at you. The ball of steam hits you!!
* * * LOW HITPOINT WARNING * * *
The basilisk bites you.
* * * LOW HITPOINT WARNING * * *
The steam dragon bites you but does no damage.
The steam dragon completely misses you. The basilisk bites you!
* * * LOW HITPOINT WARNING * * *
You turn to flesh and can move again.
As you read the scroll of teleportation, it crumbles to dust.
You feel strangely unstable. The steam dragon closely misses you.
The steam dragon claws you but does no damage.
The basilisk closely misses you.
You scratch the basilisk but do no damage.
The basilisk is moderately wounded.
The steam dragon closely misses you. x2
The basilisk gazes at you.
You are slowing down.
You mangle the basilisk!!
You kill the basilisk!
The steam dragon breathes steam at you. The ball of steam hits you!
* * * LOW HITPOINT WARNING * * *
Your limbs are stiffening.
You are engulfed in a cloud of scalding steam.
* * * LOW HITPOINT WARNING * * *
Your surroundings suddenly seem different.
A wraith comes into view.
Found a sapphire potion and a scroll labelled NEIMYKHLAJAE.
You have turned to stone.
The wraith hits you!
* * * LOW HITPOINT WARNING * * *
The wraith drains your vigour!
You feel yourself slow down. The wraith hits you!
You die...

### #.. #..
###.. #....
##########
#....
#........#
#####....
+........+
.........
#.....W@.#
##.....
#!.......#
#.....
#........#
#.....
#........#
#.....
#....?...#
#.....
.........#
#.####
....######
####+###)##
....
#......)..#
#.........#


You could see a wraith.

Vanquished Creatures
  A two-headed ogre (D:8)
  A komodo dragon (D:8)
  A basilisk (D:8)
  2 steam dragons
  Edmund (D:6)
  2 water moccasins
  An ice beast (D:5)
  A necrophage (D:5)
  2 ogres (D:6)
  A kobold brigand (D:7)
  A scorpion (D:6)
  2 bullfrogs
  A water moccasin skeleton (D:6)
  6 wights
  A bullfrog zombie (D:5)
  An orc priest (D:4)
  4 jellies
  A centaur skeleton (D:5)
  Jessica (D:2)
  2 iguanas (D:6)
  3 orc wizards
  Ijyb (D:6)
  3 adders
  A howler monkey skeleton (D:4)
  3 white imps
  An ufetubus (D:7)
  An adder skeleton (D:3)
  An adder zombie (D:3)
  2 worms
  2 dart slugs
  13 orcs
  7 endoplasms
  A giant cockroach (D:2)
  6 goblins
  6 hobgoblins
  9 jackals (D:1)
  4 quokkas
  10 ball pythons
  4 bats
  4 frilled lizards
  9 kobolds
  A rat (D:1)
125 creatures vanquished.

Vanquished Creatures (others)
  A plant (D:1)
1 creature vanquished.

Grand Total: 126 creatures vanquished

Notes
Turn   | Place    | Note
-------+----------+-------------------------------------------
     0 | D:1      | Redcow54321 the Troll Fighter began the quest for the Orb.
     0 | D:1      | Reached XP level 1. HP: 22/22 MP: 0/0
   152 | D:1      | Found a faded altar of an unknown god.
   270 | D:1      | Found Jighiw's Weapon Shop.
   284 | D:1      | Reached XP level 2. HP: 29/29 MP: 1/1
   343 | D:1      | Reached skill level 3 in Unarmed Combat
   613 | D:1      | Reached XP level 3. HP: 36/36 MP: 2/2
  1271 | D:2      | Noticed Jessica
  1278 | D:2      | Killed Jessica
  1279 | D:2      | Reached skill level 4 in Unarmed Combat
  1279 | D:2      | Reached XP level 4. HP: 44/44 MP: 3/3
  1639 | D:3      | Found Plog's Jewellery Shop.
  2006 | D:3      | Reached skill level 5 in Unarmed Combat
  2218 | D:4      | Reached XP level 5. HP: 36/50 MP: 4/4
  2298 | D:4      | Reached skill level 6 in Unarmed Combat
  2377 | D:4      | Found a staircase to the Ecumenical Temple.
  2400 | D:4      | Found an ancient bone altar of Kikubaaqudgha.
  2401 | D:4      | Found a shimmering blue altar of Sif Muna.
  2402 | D:4      | Found a glowing silver altar of Zin.
  2529 | D:4      | Found Ragrob's Armour Shop.
  2899 | D:5      | Entered Level 5 of the Dungeon
  2899 | D:5      | Noticed an ice beast
  2907 | D:5      | Killed an ice beast
  2908 | D:5      | Reached XP level 6. HP: 40/59 MP: 5/5
  3069 | D:5      | Reached skill level 7 in Unarmed Combat
  3148 | D:5      | Noticed Ijyb
  3150 | D:5      | Noticed Edmund
  3213 | D:6      | Reached skill level 8 in Unarmed Combat
  3213 | D:6      | Reached XP level 7. HP: 24/66 MP: 6/6
  3214 | D:6      | Killed Ijyb
  3217 | D:6      | Killed Edmund
  3289 | D:6      | Found an ornate altar of the Wu Jian Council.
  3349 | D:6      | Reached skill level 9 in Unarmed Combat
  3412 | D:6      | Reached XP level 8. HP: 69/74 MP: 7/7
  3463 | D:6      | Found Eturomau's General Store.
  3647 | D:6      | Reached skill level 10 in Unarmed Combat
  3657 | D:6      | Found Deucw's Magic Scroll Boutique.
  4279 | D:5      | Found a glowing golden altar of the Shining One.
  4574 | D:7      | Found a sparkling altar of Nemelex Xobeh.
  4726 | D:7      | Reached skill level 11 in Unarmed Combat
  4850 | D:7      | Found a hazy altar of Hepliaklqana.
  5279 | D:8      | Noticed a two-headed ogre
  5290 | D:8      | Killed a two-headed ogre
  5291 | D:8      | Reached skill level 12 in Unarmed Combat
  5291 | D:8      | Reached XP level 9. HP: 80/80 MP: 8/8
  5353 | D:8      | Noticed a komodo dragon
  5363 | D:8      | Killed a komodo dragon
  5364 | D:8      | Reached skill level 13 in Unarmed Combat
  5437 | D:8      | HP: 1/80 [steam dragon] (4)]
  5442 | D:8      | Slain by a wraith

Illustrated notes

Levels and vault maps discovered:
D:1:      lightli_iron_boxes, layout_loops_corners, serial_shops,
          nicolae_shop_behind_doors, dreamdust_ecumenical_altar_grove,
          grunt_decor_arrowhead
D:2:      layout_loops_ring, minivault_23, uniq_jessica
D:3:      minmay_recursive_quarters, layout_loops_cross, serial_shops,
          nicolae_shop_hallway_plus
D:4:      layout_loops_ring, chequers_temple_overflow_statue_of_worship,
          minmay_temple_entry_antechambers, serial_shops, shop_statue
D:5:      layout_loops_ring, mainiacjoe_overflow_six_doors_small,
          minmay_misc_feat_enclosed, uniq_edmund, uniq_ijyb
D:6:      layout_loops_ring, nicolae_wu_jian_glorious_leap, serial_shops,
          nicolae_shop_hallway_stairs, nicolae_shop_hallway_stairs
D:7:      layout_basic, mainiacjoe_overflow_alcove_1,
          nicolae_overflow_crystal_walls, hangedman_decor_push, minivault_23,
          hangedman_abyss_or_decor_lesser_grid
D:8:      layout_basic, erik_lair_dragon, uniq_erica

Skill      XL: |  1  2  3  4  5  6  7  8  9 |
---------------+----------------------------+-----
Unarmed Combat | 3 4 5 6 8 9 12 13 | 13.3
Fighting       | |  2.4
Dodging        | |  2.4
Shields        | |  2.4
Evocations     | |  0.2

Action                   |  1- 3 |  4- 6 |  7- 9 || total
-------------------------+-------+-------+-------++-------
Melee: Unarmed           |    98 |   127 |   112 ||   337
       Punch             |     3 |     4 |     3 ||    10
Evoke: Wand              |       |       |     4 ||     4
  Use: Potion            |       |     1 |       ||     1
       Scroll            |       |       |     6 ||     6
 Stab: Sleeping          |     1 |       |     1 ||     2
       Paralysed         |       |       |     2 ||     2
Armor: Robe              |    29 |    24 |    14 ||    67
Dodge: Dodged            |    47 |    51 |    44 ||   142
Block: Kite shield       |     2 |       |       ||     2

Table legend: (Time is in decaauts)
 A = Elapsed time spent in this place.
 B = Non-inter-level travel time spent in this place.
 C = Inter-level travel time spent in this place.
 D = Time resting spent in this place.
 E = Time spent auto-exploring this place.
 F = Levels seen in this place.
 G = Mean time per level.
                   A        B        C        D        E       F      G
               +--------+--------+--------+--------+--------+-----+--------+
         Total |   5404 |   5234 |    170 |     86 |   4272 |   8 |  675.5 |
       Dungeon |   5404 |   5234 |    170 |     86 |   4272 |   8 |  675.5 |
               +--------+--------+--------+--------+--------+-----+--------+

Top non-repeatable levels by time:
     D:6: 929 daAuts
     D:1: 864 daAuts
     D:5: 718 daAuts
     D:4: 690 daAuts
     D:3: 672 daAuts
     D:2: 655 daAuts
     D:7: 562 daAuts
     D:8: 311 daAuts
